TOP OF THE 1ST |
---|
St. Louis Browns batting - Pitching for Kansas City Kings : LHP Carlos Tavárez | Pitching: LHP Carlos Tavárez | | Batting: LHB Mike Hill | 0-0: Called Strike 0-1: Foul Ball, location: 2F 0-2: Ball 1-2: Foul Ball, location: 2F 1-2: Strikes out looking | Batting: RHB Anthony Rucker | 0-0: Foul Ball, location: 2F 0-1: Ball 1-1: Foul Ball, location: 2F 1-2: Foul Ball, location: 2F 1-2: Foul Ball, location: 2F 1-2: Fly out, F9 (Flyball, 89D) | Batting: RHB Jeff Jones | 0-0: Ball 1-0: Ball 2-0: Called Strike 2-1: DOUBLE (Flyball, 7D) | Batting: RHB Javier Martínez | 0-0: Swinging Strike 0-1: Ball 1-1: Ball 2-1: Ball 3-1: Called Strike 3-2: Base on Balls | Batting: SHB David Johnstone | 0-0: Called Strike 0-1: Foul Ball, location: 2F 0-2: Fly out, F3 (Popup, 3F) | Top of the 1st over - 0 runs, 1 hit, 0 errors, 2 left on base; St. Louis 0 - Kansas City 0 | BOTTOM OF THE 1ST |
---|
Kansas City Kings batting - Pitching for St. Louis Browns : LHP Luis Noriega | Pitching: LHP Luis Noriega | | Batting: RHB Chris Chandler | 0-0: Ball 1-0: Ground out 5-3 (Groundball, 5) | Batting: SHB Douglas Taylor | 0-0: Ball 1-0: Ball 2-0: Ball 3-0: Called Strike 3-1: Foul Ball, location: 2F 3-2: Strikes out swinging | Batting: RHB Toshimichi Kono | 0-0: Ball 1-0: Swinging Strike 1-1: Ball 2-1: Ball 3-1: Swinging Strike 3-2: Base on Balls | Batting: RHB Jeremy Carr | 0-0: Called Strike 0-1: Ball 1-1: Ball 2-1: Ball 3-1: Swinging Strike 3-2: Strikes out swinging | Bottom of the 1st over - 0 runs, 0 hits, 0 errors, 1 left on base; St. Louis 0 - Kansas City 0 | TOP OF THE 2ND |
---|
St. Louis Browns batting - Pitching for Kansas City Kings : LHP Carlos Tavárez | Batting: RHB Adrian Prouse | 0-0: Ball 1-0: Swinging Strike 1-1: Ball 2-1: Ball 3-1: Swinging Strike 3-2: Foul Ball, location: 2F 3-2: Strikes out swinging | Batting: RHB António Venecia | 0-0: Swinging Strike 0-1: Ball 1-1: Called Strike 1-2: Ball 2-2: Ball 3-2: Foul Ball, location: 2F 3-2: Strikes out looking | Batting: LHB Junior Coates | 0-0: Ball 1-0: Called Strike 1-1: Foul Ball, location: 2F 1-2: Ball 2-2: SINGLE (Groundball, 56D) | Batting: RHB Manuel Alonso | 0-0: Ball 1-0: Called Strike 1-1: DOUBLE (Line Drive, 9LD) Junior Coates to third | Batting: LHB Mike Hill | 0-0: Ball 1-0: Swinging Strike 1-1: SINGLE (Line Drive, 34) Junior Coates scores Manuel Alonso to third | Batting: RHB Anthony Rucker | 0-0: Fly out, F9 (Flyball, 9S) | Top of the 2nd over - 1 run, 3 hits, 0 errors, 2 left on base; St. Louis 1 - Kansas City 0 | BOTTOM OF THE 2ND |
---|
Kansas City Kings batting - Pitching for St. Louis Browns : LHP Luis Noriega | Batting: RHB Cy Keynes | 0-0: Fly out, F3 (Popup, 23F) | Batting: RHB Eric Fuller | 0-0: Foul Ball, location: 2F 0-1: Ball 1-1: Ball 2-1: Foul Ball, location: 2F 2-2: Strikes out swinging | Batting: LHB Luis González | 0-0: Called Strike 0-1: Ball 1-1: Foul Ball, location: 2F 1-2: Foul Ball, location: 2F 1-2: Strikes out swinging | Bottom of the 2nd over - 0 runs, 0 hits, 0 errors, 0 left on base; St. Louis 1 - Kansas City 0 | TOP OF THE 3RD |
---|
St. Louis Browns batting - Pitching for Kansas City Kings : RHP Raymond Gregg | Pitching: RHP Raymond Gregg | | Batting: RHB Jeff Jones | 0-0: Ground out 6-3 (Groundball, 56) | Batting: RHB Javier Martínez | 0-0: SINGLE (Line Drive, 6MD) | Batting: SHB David Johnstone | 0-0: Ball Javier Martínez is caught stealing 2nd base 1-0: Called Strike 1-1: Ground out 6-3 (Groundball, 6) | Top of the 3rd over - 0 runs, 1 hit, 0 errors, 0 left on base; St. Louis 1 - Kansas City 0 | BOTTOM OF THE 3RD |
---|
Kansas City Kings batting - Pitching for St. Louis Browns : LHP Luis Noriega | Batting: RHB Oliver Lugo | 0-0: Called Strike 0-1: Ground out 5-3 (Groundball, 5S) | Batting: RHB Rafael Carreón | 0-0: Ball 1-0: Called Strike 1-1: Fly out, F4 (Line Drive, 4) | Batting: RHB Chris Chandler | 0-0: Foul Ball, location: 2F 0-1: Swinging Strike 0-2: Ball 1-2: Ball 2-2: Fly out, F9 (Flyball, 9S) | Bottom of the 3rd over - 0 runs, 0 hits, 0 errors, 0 left on base; St. Louis 1 - Kansas City 0 | TOP OF THE 4TH |
---|
St. Louis Browns batting - Pitching for Kansas City Kings : RHP Raymond Gregg | Batting: RHB Adrian Prouse | 0-0: Ball 1-0: Ball 2-0: Foul Ball, location: 2F 2-1: Ground out 3-1 (Groundball, 34) | Batting: RHB António Venecia | 0-0: Called Strike 0-1: Reached on error, E1 (Groundball, 13S) | Batting: LHB Junior Coates | 0-0: Called Strike 0-1: Foul Ball, location: 2F 0-2: Ball 1-2: Grounds into double play, 6-4-3 (Groundball, 6) | Top of the 4th over - 0 runs, 0 hits, 1 error, 0 left on base; St. Louis 1 - Kansas City 0 | BOTTOM OF THE 4TH |
---|
Kansas City Kings batting - Pitching for St. Louis Browns : LHP Luis Noriega | Batting: SHB Douglas Taylor | 0-0: Ball 1-0: SOLO HOME RUN (Flyball, 78XD), Distance : 398 ft | Batting: RHB Toshimichi Kono | 0-0: Ground out 6-3 (Groundball, 6M) | Batting: RHB Jeremy Carr | 0-0: Foul Ball, location: 2F 0-1: Swinging Strike 0-2: Ground out 4-3 (Groundball, 4M) | Batting: RHB Cy Keynes | 0-0: Called Strike 0-1: Fly out, F9 (Flyball, 9) | Bottom of the 4th over - 1 run, 1 hit, 0 errors, 0 left on base; St. Louis 1 - Kansas City 1 | TOP OF THE 5TH |
---|
St. Louis Browns batting - Pitching for Kansas City Kings : RHP Raymond Gregg | Batting: RHB Manuel Alonso | 0-0: Called Strike 0-1: Fly out, F2 (Popup, 2RF) | Batting: LHB Mike Hill | 0-0: Ball 1-0: Swinging Strike 1-1: Ground out 4-3 (Groundball, 34) | Batting: RHB Anthony Rucker | 0-0: Ball 1-0: Called Strike 1-1: Ground out 6-3 (Groundball, 6) | Top of the 5th over - 0 runs, 0 hits, 0 errors, 0 left on base; St. Louis 1 - Kansas City 1 | BOTTOM OF THE 5TH |
---|
Kansas City Kings batting - Pitching for St. Louis Browns : LHP Luis Noriega | Batting: RHB Eric Fuller | 0-0: Called Strike 0-1: SINGLE (Groundball, 6MD) (infield hit) | Batting: LHB Luis González | 0-0: Ball 1-0: Foul Ball, location: 2F 1-1: Ball 2-1: Fielders Choice at 2nd, 1-6 (Groundball, 13) | Batting: RHB Oliver Lugo | 0-0: Ball 1-0: Called Strike 1-1: Fly out, F9 (Flyball, 9S) | Batting: RHB Rafael Carreón | 0-0: Ball 1-0: Ball 2-0: Called Strike 2-1: Swinging Strike 2-2: Strikes out swinging | Bottom of the 5th over - 0 runs, 1 hit, 0 errors, 1 left on base; St. Louis 1 - Kansas City 1 | TOP OF THE 6TH |
---|
St. Louis Browns batting - Pitching for Kansas City Kings : RHP Raymond Gregg | Batting: RHB Jeff Jones | 0-0: Ball 1-0: Called Strike 1-1: Fly out, F8 (Flyball, 8LXD) | Batting: RHB Javier Martínez | 0-0: Ball 1-0: Foul Ball, location: 2F 1-1: Reached on error, E6 (Groundball, 6) | Batting: SHB David Johnstone | 0-0: Fly out, F7 (Flyball, 7S) | Batting: RHB Adrian Prouse | 0-0: Swinging Strike 0-1: Ball 1-1: Ball 2-1: Ball Javier Martínez is caught stealing 2nd base | Top of the 6th over - 0 runs, 0 hits, 1 error, 0 left on base; St. Louis 1 - Kansas City 1 | BOTTOM OF THE 6TH |
---|
Kansas City Kings batting - Pitching for St. Louis Browns : LHP Luis Noriega | Batting: RHB Chris Chandler | 0-0: Swinging Strike 0-1: Ball 1-1: Ball 2-1: Ball 3-1: Swinging Strike 3-2: Fly out, F9 (Flyball, 9S) | Batting: SHB Douglas Taylor | 0-0: Swinging Strike 0-1: SINGLE (Groundball, 25) (infield hit) | Batting: RHB Toshimichi Kono | 0-0: Ball Wild Pitch! Douglas Taylor to second 1-0: Foul Ball, location: 2F 1-1: Swinging Strike 1-2: Ground out 6-3 (Groundball, 6M) Douglas Taylor to third | Batting: RHB Jeremy Carr | 0-0: Ball 1-0: Swinging Strike 1-1: Foul Ball, location: 2F 1-2: Foul Ball, location: 2F 1-2: SINGLE (Flyball, 7S) Douglas Taylor scores | Batting: RHB Cy Keynes | 0-0: Called Strike 0-1: Ball 1-1: Ground out 6-3 (Groundball, 6S) | Bottom of the 6th over - 1 run, 2 hits, 0 errors, 1 left on base; St. Louis 1 - Kansas City 2 | TOP OF THE 7TH |
---|
St. Louis Browns batting - Pitching for Kansas City Kings : RHP Raymond Gregg | Pitching: RHP Nick Parks | | Batting: RHB Adrian Prouse | 0-0: SINGLE (Line Drive, 8RS) | Batting: RHB António Venecia | 0-0: Ball Adrian Prouse steals 2nd base 1-0: Called Strike 1-1: Foul Ball, location: 2F 1-2: Foul Ball, location: 2F 1-2: Strikes out swinging | Batting: LHB Junior Coates | 0-0: Foul Ball, location: 2F 0-1: Ball 1-1: DOUBLE (Line Drive, 9LS) Adrian Prouse scores | Batting: RHB Manuel Alonso | 0-0: Ball 1-0: Foul Ball, location: 2F 1-1: Ball 2-1: Foul Ball, location: 2F 2-2: Foul Ball, location: 2F 2-2: Strikes out swinging | Batting: LHB Mike Hill | 0-0: Ball 1-0: Called Strike 1-1: Ball 2-1: Swinging Strike 2-2: Foul Ball, location: 2F 2-2: Foul Ball, location: 2F 2-2: Foul Ball, location: 2F 2-2: Ball 3-2: Foul Ball, location: 2F 3-2: Strikes out looking | Top of the 7th over - 1 run, 2 hits, 0 errors, 1 left on base; St. Louis 2 - Kansas City 2 | BOTTOM OF THE 7TH |
---|
Kansas City Kings batting - Pitching for St. Louis Browns : LHP Luis Noriega | Batting: RHB Eric Fuller | 0-0: SINGLE (Groundball, 56D) | Pitching: RHP Jorge Pérez | | Batting: LHB Luis González | 0-0: Bunted foul 0-1: Bunted foul 0-2: Fly out, F6 (Popup, 6MD) | Pinch Hitting: LHB Ron Crawford | 0-0: Fly out, F7 (Flyball, 7D) | Batting: RHB Rafael Carreón | 0-0: Ball 1-0: Foul Ball, location: 2F 1-1: Ground out 4-3 (Groundball, 34) | Bottom of the 7th over - 0 runs, 1 hit, 0 errors, 1 left on base; St. Louis 2 - Kansas City 2 | TOP OF THE 8TH |
---|
St. Louis Browns batting - Pitching for Kansas City Kings : RHP Nick Parks | Now in RF: Ron Crawford | | Batting: RHB Anthony Rucker | 0-0: Called Strike 0-1: Foul Ball, location: 2F 0-2: Fly out, F6 (Popup, 6MS) | Batting: RHB Jeff Jones | 0-0: Ball 1-0: Foul Ball, location: 2F 1-1: Called Strike 1-2: Ball 2-2: SINGLE (Groundball, 34D) | Batting: RHB Javier Martínez | 0-0: Ball 1-0: SINGLE (Groundball, 4S) (infield hit) Jeff Jones to second | Batting: SHB David Johnstone | 0-0: Called Strike 0-1: Ball 1-1: SINGLE (Line Drive, 56) Jeff Jones to third Javier Martínez to second Runner from 3rd tries for Home, SAFE, throw made home | Batting: RHB Adrian Prouse | 0-0: Ball 1-0: Foul Ball, location: 2F 1-1: Called Strike Javier Martínez steals 3rd base 1-2: Ball 2-2: Foul Ball, location: 2F 2-2: Foul Ball, location: 2F 2-2: SINGLE (Groundball, 6M) (infield hit) Javier Martínez scores David Johnstone to second | Pitching: RHP Alberto Bonilla | | Pinch Runner at 1st Marvin Morris: | | Batting: RHB António Venecia | 0-0: Called Strike 0-1: Ball 1-1: Ball 2-1: Ball 3-1: Foul Ball, location: 2F 3-2: Foul Ball, location: 2F 3-2: Foul Ball, location: 2F 3-2: Fly out, F8 (Flyball, 89XD) Runner from 2nd tags up, SAFE at 3rd, no throw | Pitching: LHP Manuel Parra | | Batting: LHB Junior Coates | 0-0: Called Strike 0-1: Swinging Strike 0-2: Ball 1-2: Foul Ball, location: 2F 1-2: Ball 2-2: Ball 3-2: Strikes out swinging | Top of the 8th over - 2 runs, 4 hits, 0 errors, 2 left on base; St. Louis 4 - Kansas City 2 | BOTTOM OF THE 8TH |
---|
Kansas City Kings batting - Pitching for St. Louis Browns : RHP Jorge Pérez | Now in RF: Marvin Morris | | Batting: RHB Chris Chandler | 0-0: Ball 1-0: Called Strike 1-1: Called Strike 1-2: Ground out 5-3 (Groundball, 56) | Batting: SHB Douglas Taylor | 0-0: Ball 1-0: Swinging Strike 1-1: Ball 2-1: Ball 3-1: Base on Balls | Batting: RHB Toshimichi Kono | 0-0: Ball 1-0: Called Strike 1-1: Fly out, F9 (Flyball, 9) | Batting: RHB Jeremy Carr | 0-0: Ball 1-0: Foul Ball, location: 2F 1-1: Swinging Strike 1-2: Ball 2-2: Ball 3-2: Strikes out swinging, 2-3 out at first. | Bottom of the 8th over - 0 runs, 0 hits, 0 errors, 1 left on base; St. Louis 4 - Kansas City 2 | TOP OF THE 9TH |
---|
St. Louis Browns batting - Pitching for Kansas City Kings : LHP Manuel Parra | Pitching: LHP Rob Lucas | | Batting: RHB Manuel Alonso | 0-0: Called Strike 0-1: Ball 1-1: Called Strike 1-2: SINGLE (Groundball, 6MD) | Batting: LHB Mike Hill | 0-0: Ball 1-0: Foul Ball, location: 2F 1-1: Bunted foul 1-2: Ball 2-2: 2-RUN HOME RUN (Flyball, 9D), Distance : 381 ft | Batting: RHB Anthony Rucker | 0-0: Ball 1-0: Ball 2-0: Called Strike 2-1: Ground out 6-3 (Groundball, 6S) | Batting: RHB Jeff Jones | 0-0: Ball 1-0: Ball 2-0: Ball 3-0: Called Strike 3-1: Foul Ball, location: 2F 3-2: Strikes out swinging | Batting: RHB Javier Martínez | 0-0: Ground out 1-3 (Groundball, P) | Top of the 9th over - 2 runs, 2 hits, 0 errors, 0 left on base; St. Louis 6 - Kansas City 2 | BOTTOM OF THE 9TH |
---|
Kansas City Kings batting - Pitching for St. Louis Browns : RHP Jorge Pérez | Pitching: RHP Cristóbal Gómez | | Batting: RHB Cy Keynes | 0-0: Swinging Strike 0-1: Swinging Strike 0-2: Strikes out swinging | Batting: RHB Eric Fuller | 0-0: Swinging Strike 0-1: Foul Ball, location: 2F 0-2: Strikes out swinging | Batting: LHB Luis González | 0-0: Ball 1-0: Called Strike 1-1: Ball 2-1: Ball 3-1: SINGLE (Popup, 3S) | Batting: LHB Ron Crawford | 0-0: Ball 1-0: Fly out, F8 (Flyball, 8RS) | Bottom of the 9th over - 0 runs, 1 hit, 0 errors, 1 left on base; St. Louis 6 - Kansas City 2 | |